[Event "*** Titled Tuesday Blitz"]
[Site "Chess.com"]
[Date "2020.04.14"]
[Round "7"]
[White "Suleyman_Chess06"]
[Black "IMRosen"]
[Result "1-0"]
[WhiteElo "2249"]
[BlackElo "2482"]
[TimeControl "180+1"]
[EndTime "11:14:32 PDT"]
[Termination "Suleyman_Chess06 won by checkmate"]

1. d4 d5 2. Nf3 Nf6 3. Bf4 c5 4. e3 Nc6 5. h3 Qb6 6. Nc3 a6 7.
Na4 Qa5+ 8. c3 cxd4 9. exd4 e6 10. Bd3 Be7 11. O-O O-O 12. b4 Qd8 13. Nc5 b6 14. Nb3 Bb7 15. a4 Bd6 16. Ne5 Qc7 17. Re1 Rfc8 18.
Bh2 Bxe5 19. dxe5 Nd7 20. Qh5 Nf8 21. Rac1 Ne7 22. Nd4 Qd7 23. Qd1 Rc7 24. a5 bxa5 25. bxa5 Rac8 26. Qd2 Rc5 27. Nb3 R5c7 28. Qe2 d4 29.
Nxd4 Rxc3 30. Rxc3 Rxc3 31. Qd2 Rc8 32. Bf4 Rd8 33. Be3 Nd5 34. Rd1 Ng6 35. Bxg6 hxg6 36.
Nb3 Qb5 37. Nc5 Bc6 38. Kh2 Rb8 39. Qd3 Nxe3 40. Qxe3 Qxa5 41. Rd6 Qc7 42. Nxa6 Qb7 43. Nxb8 Bxg2 44. Rd8+ Kh7 45. Nd7 g5 46. Nf8+ Kh6 47.
Rd7 Qd5 48. Rxd5 Bxd5 49. h4 f6 50. hxg5+ fxg5 51. Qh3# 1-0

[Event "*** Titled Tuesday Blitz"]
[Site "Chess.com"]
[Date "2020.04.14"]
[Round "7"]
[White "lokomotiv777"]
[Black "gui_borba"]
[Result "0-1"]
[WhiteElo "2152"]
[BlackElo "2341"]
[TimeControl "180+1"]
[EndTime "11:14:32 PDT"]
[Termination "gui_borba won by resignation"]

1. e4 c5 2. Nf3 e6 3. d4 cxd4 4. Nxd4 Nf6 5. Nc3 d6 6. g3 Nc6 7. Bg2 Bd7 8. Nb3 Be7 9. O-O O-O 10. Bf4 Ne5 11. h3 Rc8 12. Qe2 a6 13. Rfd1 Qc7 14.
Nd2 b5 15. a3 Bc6 16. Bg5 h6 17. Be3 Qb7 18. f4 Ned7 19. Bf2 Rfd8 20. g4 Nc5 21. h4 Nfd7 22. g5 hxg5 23. hxg5 g6 24.
Bf3 Kg7 25. b4 Na4 26. Nxa4 bxa4 27. c4 Rh8 28. Kg2 e5 29. Bg3 exf4 30. Bxf4 Ne5 31.
Bxe5+ dxe5 32. c5 Bxg5 33. Nc4 Bf4 34. Rh1 Qe7 35. Nd6 Qg5+ 36. Bg4 Rcd8 37. Rxh8 Rxh8 38. Rh1 f5 39. Rxh8 Kxh8 40. Kf1 fxg4 41. Qg2 Qh4 42. Ke2 g3 43. Nf7+ Kg7 44. Nd8 Qh2 45. Kf3 Bxe4+ 46.
Kg4 Qxg2 47. Ne6+ Kf6 0-1

[Event "*** Titled Tuesday Blitz"]
[Site "Chess.com"]
[Date "2020.04.14"]
[Round "7"]
[White "pheonixking2000"]
[Black "VishnuPrasanna"]
[Result "0-1"]
[WhiteElo "2827"]
[BlackElo "2711"]
[TimeControl "180+1"]
[EndTime "11:14:33 PDT"]
[Termination "VishnuPrasanna won by resignation"]

1. d4 Nf6 2. Nf3 g6 3. c4 Bg7 4. Nc3 d5 5. cxd5 Nxd5 6. e4 Nxc3 7. bxc3 c5 8. Rb1 O-O 9. Be2 Nc6 10. d5 Ne5 11.
O-O Nxf3+ 12. Bxf3 Bxc3 13. Bf4 Bg7 14. e5 b6 15. d6 Rb8 16. e6 Bxe6 17. dxe7 Qxe7 18. Bxb8 Rxb8 19. Re1 Bd4 20. Qa4 a5 21. Qc6 Qd8 22.
Rxe6 fxe6 23. Qxe6+ Kg7 24. Re1 Qc7 25. a4 Rf8 26. Qe7+ Qxe7 27. Rxe7+ Rf7 28. Re6 c4 29. Rc6 Bc5 30. Bd5 Rd7 31. Bxc4 Rd1+ 32. Bf1 Ra1 33. g3 Rxa4 34. Rc7+ Kf6 35. Rxh7 Ra2 36. Bc4 Rc2 37. Bb3 Rb2 38. Bg8 a4 39. h4 a3 40. Kg2 Rxf2+ 41. Kh3 b5 42. Kg4 Ke5 43. Rb7 b4 44. Kg5 Rf3 45.
g4 Rf6 46. Kh6 g5+ 47. Kh5 gxh4 48. Kxh4 Rf2 49. Rb5 Kd6 50. g5 Kc6 51. Ra5 Rg2 52. Kh5 Kb6 53. Ra8 Be3 54. Rb8+ Kc5 55. Rc8+ Kd6 56.
Rd8+ Kc7 57. Rd5 a2 58. Ra5 Rxg5+ 59. Rxg5 a1=Q 60. Rg7+ Qxg7 0-1

[Event "*** Titled Tuesday Blitz"]
[Site "Chess.com"]
[Date "2020.04.14"]
[Round "7"]
[White "blitzking1729"]
[Black "XDPS"]
[Result "1/2-1/2"]
[WhiteElo "2589"]
[BlackElo "2736"]
[TimeControl "180+1"]
[EndTime "11:14:33 PDT"]
[Termination "Game drawn by repetition"]

1. d4 d5 2. c4 e6 3. Nc3 Nf6 4. Bg5 Nbd7 5. e3 c6 6. cxd5 exd5 7. Bd3 Be7 8. Qc2 Nh5 9. Bxe7 Qxe7 10. Nge2 g6 11. O-O O-O 12. Rab1 Ndf6 13. b4 a6 14. Na4 Ng7 15. Qc5 Re8 16. Qxe7 Rxe7 17. Nb6 Rb8 18. a4 Bf5 19. Bxf5 Nxf5 20. b5 axb5 21. axb5 Rc7 22. Rfc1 Nd6 23. bxc6 Rxc6 24. Nf4 Nde4 25. Nbxd5 Rxc1+ 26. Rxc1 Nxd5 27. Nxd5 b5 28. f3 Nd2 29. Nb4 Kg7 30. e4 Ra8 31. d5 Ra4 32.
Nc6 b4 33. d6 b3 34. d7 b2 35.
Re1 Ra1 36. d8=Q Rxe1+ 37. Kf2 Rf1+ 38. Ke2 b1=Q 39. Qd4+ f6 40. Qd7+ Kh6 41. Qxd2+ g5 42. Nd4 Rh1 43. Nf5+ Kg6 44. Ne3 Qb5+ 45. Kf2 Qb1 46. Ke2 Qb5+ 47. Kf2 Qb1 48. Ke2 1/2-1/2

[Event "*** Titled Tuesday Blitz"]
[Site "Chess.com"]
[Date "2020.04.14"]
[Round "7"]
[White "OK97"]
[Black "DanielDardha2005"]
[Result "1-0"]
[WhiteElo "2734"]
[BlackElo "2572"]
[TimeControl "180+1"]
[EndTime "11:14:33 PDT"]
[Termination "OK97 won on time"]

1. Nf3 Nf6 2. g3 b6 3. Bg2 Bb7 4. c4 g6 5. O-O Bg7 6. d4 O-O 7. d5 Na6 8. Nc3 Nc5 9. Nd4 e5 10. Nb3 Nxb3 11. axb3 d6 12. b4 Nd7 13. e4 f5 14. exf5 gxf5 15. f4 Qe7 16. Nb5 a6 17.
Nxc7 Rac8 18. Ne6 Rxc4 19. Nxf8 Qxf8 20. fxe5 dxe5 21. Qh5 f4 22. Qg4 Nf6 23. Qe6+ Kh8 24. gxf4 Rc2 25. fxe5 Rxg2+ 26. Kxg2 Qa8 27. Kg1 Bxd5 28. Qf5 Qg8 29. Bg5 Ne4 30. h4 h6 31.
Rac1 Ng3 32. Qg4 Nxf1 33. Rc8 Bf8 34. Bf6+ Kh7 35. Qxg8+ Kxg8 36. Kxf1 Kf7 37. Rd8 Be6 38. Rd4 b5 39. Kf2 Bc4 40. Kg3 Bxb4 41. Rd7+ Ke6 42. Ra7 Be1+ 43. Kf4 Bd2+ 44. Kf3 1-0

[Event "*** Titled Tuesday Blitz"]
[Site "Chess.com"]
[Date "2020.04.14"]
[Round "7"]
[White "VerdeNotte"]
[Black "aakankshachess"]
[Result "1-0"]
[WhiteElo "2664"]
[BlackElo "2445"]
[TimeControl "180+1"]
[EndTime "11:14:33 PDT"]
[Termination "VerdeNotte won by resignation"]

1. Nf3 Nf6 2. c4 g6 3. b4 Bg7 4. Bb2 O-O 5. e3 d5 6. cxd5 Qxd5 7. Nc3 Qd8 8. Bc4 Nc6 9. b5 Na5 10. Be2 Bg4 11. O-O Bxf3 12. Bxf3 e5 13. d3 c6 14. a4 Rc8 15. Ba3 Re8 16. Bb4 c5 17. Ba3 b6 18. Qe2 Qc7 19. Nd5 Qd6 20. Nxf6+ Bxf6 21. Rac1 Qe7 22. Bd5 Red8 23. e4 Nb7 24. f4 Nd6 25.
Bb2 exf4 26. Rxf4 Bg5 27. Qf3 Bxf4 28. Qxf4 Nf5 29. Rf1 Rxd5 30. exd5 Rd8 31. Qe4 Qd6 32. g4 Nd4 33. Bxd4 cxd4 34. Qxd4 Qxd5 35. Qxd5 Rxd5 36.
Rc1 Rd4 37. Rc4 Rxd3 38. Rc7 Rd4 39. Rxa7 Rxg4+ 40. Kf2 Rb4 41. Ke3 h5 42. Kd3 g5 43.
Kc3 Rb1 44. Ra6 Ra1 45. Kb2 Rh1 46. Rxb6 Rxh2+ 47. Kb3 g4 48. Rb8+ Kg7 49. b6 g3 50. b7 Rh1 51. Rg8+ Kh7 52. Kb2 Kxg8 53. b8=Q+ Kh7 54. Qxg3 h4 55. Qd3+ Kg8 56. a5 h3 57.
a6 h2 58. Qg3+ Kh7 59. Qh3+ Kg7 60. Qg2+ Kf6 61. Qxh1 1-0

[Event "*** Titled Tuesday Blitz"]
[Site "Chess.com"]
[Date "2020.04.14"]
[Round "7"]
[White "chenxiaoyuer"]
[Black "BronceYSueno"]
[Result "1-0"]
[WhiteElo "2121"]
[BlackElo "2340"]
[TimeControl "180+1"]
[EndTime "11:14:33 PDT"]
[Termination "chenxiaoyuer won by resignation"]

1. e4 c5 2. Nf3 d6 3. d4 cxd4 4. Nxd4 Nf6 5. Nc3 g6 6. Be2 Bg7 7. O-O O-O 8. Bg5 Nc6 9. Nb3 Be6 10. Kh1 h6 11. Be3 Ne5 12. Nd4 Bc4 13. f4 Bxe2 14. Qxe2 Nc6 15. Rad1 Rc8 16. e5 Ne8 17. e6 f5 18.
Nxc6 Rxc6 19. Bd4 Bxd4 20. Rxd4 Qb6 21. Qd3 Nf6 22. Na4 Qa6 23. Qf3 Rxc2 24. Nc3 Rxb2 25. Rg1 Rc2 26. h3 Rc8 27. Nd1 Qe2 28. Qxb7 R2c7 29. Qb3 Kh7 30. Rd3 Ne4 31. Re3 Qc4 32. Qb2 Qxe6 33. Nf2 Nxf2+ 34. Qxf2 Qf6 35. Rge1 Kg7 36.
Qe2 Kf7 37. Re6 Rc2 38. Rxf6+ exf6 39. Qe6+ Kg7 40. Qe7+ Kg8 41. Qxf6 Rc1 42. Qxg6+ Kf8 43. Qxh6+ Kf7 44. Rxc1 Rxc1+ 45. Kh2 Rd1 46. Qh5+ Kf6 47. Qxd1 1-0

[Event "*** Titled Tuesday Blitz"]
[Site "Chess.com"]
[Date "2020.04.14"]
[Round "7"]
[White "IljaZaragatski"]
[Black "Larina_Marija"]
[Result "1-0"]
[WhiteElo "2516"]
[BlackElo "2327"]
[TimeControl "180+1"]
[EndTime "11:14:33 PDT"]
[Termination "IljaZaragatski won on time"]

1. c4 e5 2. g3 f5 3. d4 e4 4. Nc3 Nf6 5. Bh3 d6 6. f3 Be7 7. Qc2 O-O 8. Bg5 Nc6 9. O-O-O Qe8 10. fxe4 Nxe4 11. Bxe7 Qxe7 12. Nxe4 fxe4 13. Bxc8 Raxc8 14. Nh3 Rce8 15. Nf4 Qd7 16. d5 Nb4 17. Qb3 a5 18. a3 Na6 19. Qxb7 Nc5 20. Qc6 a4 21. Qxd7 Nxd7 22.
Rhf1 Nc5 23. Kc2 Rb8 24. Ne6 Nxe6 25. dxe6 Rfe8 26. Rd5 Ra8 27. Rf7 Rxe6 28. Rxc7 Rf8 29. Ra5 h5 30. Rxh5 Rf2 31. Kd2 e3+ 32. Kd3 Rf1 33.
Rg5 Rd1+ 34. Kc3 Rc1+ 35. Kb4 Rc2 36. Rgxg7+ Kf8 37. Rgf7+ Ke8 38. Rh7 Rxb2+ 39. Kxa4 Kd8 40. Ra7 Kc8 41. Rh8+ 1-0

[Event "*** Titled Tuesday Blitz"]
[Site "Chess.com"]
[Date "2020.04.14"]
[Round "7"]
[White "HouseOfDurin"]
[Black "RojonR"]
[Result "0-1"]
[WhiteElo "2078"]
[BlackElo "2398"]
[TimeControl "180+1"]
[EndTime "11:14:33 PDT"]
[Termination "RojonR won on time"]

1. d4 Nf6 2. Bg5 b6 3. Bxf6 gxf6 4. c4 Bb7 5. Nc3 e6 6. d5 f5 7. g3 Bg7 8. Bg2 Rg8 9. e3 Na6 10.
Nge2 Qf6 11. O-O O-O-O 12. Rb1 h5 13. h4 e5 14. Nb5 Kb8 15. b4 d6 16. a4 Bh6 17. f4 Rg6 18. Kh2 Rdg8 19. Rf2 Rxg3 20.
Nxg3 Qxh4+ 21. Kg1 Qxg3 22. Qf3 e4 23. Qxg3 Rxg3 24. Re2 Bg7 25. Kf2 Rg6 26. Bh3 Bc8 27. Nc3 Bxc3 28. Rb3 Bf6 29. a5 Bh4+ 30. Kf1 Rg3 31.
Bg2 Bf6 32. b5 Nc5 33. Rbb2 Bxb2 34. Rxb2 Rxe3 35. axb6 axb6 36. Ra2 Nd3 37. Kg1 h4 38. Kh2 Nxf4 39. Bf1 h3 40. Rf2 Nd3 41. Bxd3 Rxd3 42. Rf4 e3 0-1

[Event "*** Titled Tuesday Blitz"]
[Site "Chess.com"]
[Date "2020.04.14"]
[Round "7"]
[White "nihalsarin"]
[Black "jefferyx"]
[Result "0-1"]
[WhiteElo "3051"]
[BlackElo "2903"]
[TimeControl "180+1"]
[EndTime "11:14:35 PDT"]
[Termination "jefferyx won on time"]

1. Nf3 d5 2. b3 Bg4 3. e3 Nd7 4. Bb2 e6 5. h3 Bh5 6. c4 c6 7. d3 a5 8. a3 Ngf6 9. Nbd2 Bd6 10. g4 Bg6 11. Nh4 O-O 12. Nxg6 fxg6 13. Bg2 Qc7 14. O-O Rf7 15. Rc1 g5 16. Nf3 h6 17.
Nd4 Re8 18. Qd2 Be5 19. b4 axb4 20. axb4 Qb8 21. cxd5 exd5 22. Nf5 h5 23. d4 Bh2+ 24.
Kh1 hxg4 25. Qe2 Kh7 26. hxg4 Rh8 27. Bf3 g6 28. Kg2 gxf5 29. gxf5 g4 30. Bxg4 Nxg4 31. Rh1 Rg7 32. Kf1 Kg8 33. Qf3 Ndf6 34. Ke2 Ne4 35.
b5 Ngxf2 36. f6 Rg3 37. Rhg1 Bxg1 38. f7+ Kf8 39. Qf5 Rg5 40. Ba3+ c5 41. Rxc5 Rxf5 42. Rc8+ Kxf7 0-1

[Event "*** Titled Tuesday Blitz"]
[Site "Chess.com"]
[Date "2020.04.14"]
[Round "7"]
[White "Harut-1998"]
[Black "Gordima"]
[Result "0-1"]
[WhiteElo "2583"]
[BlackElo "2760"]
[TimeControl "180+1"]
[EndTime "11:14:35 PDT"]
[Termination "Gordima won by resignation"]

1. d4 Nf6 2. c4 e6 3. g3 d5 4. Nf3 dxc4 5. Bg2 a6 6. O-O Nc6 7. e3 Bd7 8. Qe2 Bd6 9. Qxc4 O-O 10. Nc3 b5 11. Qd3 e5 12. dxe5 Nxe5 13. Nxe5 Bxe5 14.
Bxa8 Qxa8 15. e4 Bh3 16. Re1 Rd8 17. Qc2 b4 18. Nd5 Nxd5 19. exd5 Qxd5 20. f4 Bf6 21.
Be3 Bg4 22. Qb3 Qb7 23. Rac1 h5 24. Rc4 h4 25. Rxb4 Qa8 26. Rb7 h3 27. Rc1 Bc8 28.
Rcxc7 Bxb7 29. Qxb7 Rd1+ 30. Kf2 Qxb7 31. Rxb7 Rh1 32. g4 Bh4+ 33. Kf3 Rxh2 34. Rb8+ Kh7 35. g5 Rc2 36. Bg1 h2 37. Bxh2 Rxh2 38. Rb6 Be1 39.
a4 a5 40. Kg4 g6 41. Rb7 Kg7 42. b3 Bb4 43. f5 Rg2+ 44. Kf3 Rxg5 0-1

[Event "*** Titled Tuesday Blitz"]
[Site "Chess.com"]
[Date "2020.04.14"]
[Round "7"]
[White "Carnivoras"]
[Black "SARGISMV"]
[Result "1-0"]
[WhiteElo "2639"]
[BlackElo "2478"]
[TimeControl "180+1"]
[EndTime "11:14:35 PDT"]
[Termination "Carnivoras won by checkmate"]

1. d4 e6 2. Nf3 Nf6 3. c4 c5 4. d5 exd5 5. cxd5 d6 6. Nc3 g6 7. g3 a6 8. Bg2 Bg7 9. O-O O-O 10. a4 Re8 11. Qc2 Nbd7 12. e4 Rb8 13. Bf4 Qc7 14. a5 Ng4 15. h3 Nge5 16. Nd2 b5 17. axb6 Rxb6 18. Be3 Rb4 19. f4 Nc4 20. Nxc4 Rxc4 21. Ra4 Nb6 22. Rxc4 Nxc4 23. Qa4 Rxe4 24. Nxe4 Nxe3 25.
Qe8+ Bf8 26. Nf6+ Kg7 27. Qxe3 Kxf6 28. Qc3+ Ke7 29. Qh8 Qa5 30. Qxh7 Qd2 31. Qh4+ Kd7 32.
Qf6 Qd4+ 33. Qxd4 cxd4 34. Rd1 Bg7 35. Kf2 Kc7 36. Bf1 Kb6 37. Rc1 Bb7 38. Bc4 a5 39. Ke2 Bc8 40. g4 Bd7 41. Kd3 Bh6 42. Rf1 Kc5 43.
b3 Bc8 44. g5 Bg7 45. h4 Bf5+ 46. Kd2 Kb4 47. Bd3 Bxd3 48. Kxd3 Kxb3 49. Rb1+ Ka2 50. Rb7 a4 51. Rxf7 Be5 52. fxe5 dxe5 53. d6 a3 54. d7 e4+ 55. Kxe4 Ka1 56. d8=Q a2 57. Qxd4+ Kb1 58. Rf1+ Kc2 59. Rf2+ Kc1 60. Qb2+ Kd1 61. Qd2# 1-0

[Event "*** Titled Tuesday Blitz"]
[Site "Chess.com"]
[Date "2020.04.14"]
[Round "7"]
[White "pichonazo"]
[Black "marianokar"]
[Result "1-0"]
[WhiteElo "2583"]
[BlackElo "2374"]
[TimeControl "180+1"]
[EndTime "11:14:35 PDT"]
[Termination "pichonazo won by resignation"]

1. e4 c5 2. c3 g6 3. d4 cxd4 4. cxd4 d5 5. exd5 Nf6 6. Nc3 Bg7 7. Qb3 O-O 8. Be2 Nbd7 9. Bf3 Nb6 10. Nge2 Bf5 11.
O-O Bd3 12. d6 Qxd6 13. Bxb7 Rab8 14. Bf3 Nc4 15. Qd1 Bf5 16. Bf4 Nxb2 17. Bxd6 Nxd1 18. Bxb8 Nxc3 19. Nxc3 Rxb8 20. Rfd1 Bh6 21. h3 Bc2 22. Rf1 Bd3 23. Rfe1 Bd2 24. Red1 Bxc3 25. Rac1 Bb2 26. Rc7 Bf5 27. Rxa7 Kf8 28. Ra8 Rxa8 29. Bxa8 Ba3 30. d5 Ke8 31. Bc6+ Kd8 32. Rd4 Kc7 33. Ra4 Bc5 34. Ra8 Kd6 35. Rd8+ Ke5 36. a4 Be4 37. a5 Bxd5 38. Bxd5 Nxd5 39. a6 Nc7 40. Rc8 Nxa6 41. Rc6 Bd4 42. Rxa6 e6 43. g3 h5 44. Kg2 Kf6 45. Kf3 Kg7 46. Ra2 Bf6 47. Ke4 Bc3 48. Kd3 Bf6 49. Kc4 Be5 50. Kb5 Bd4 51. Kc6 Kf8 52. Kd7 Be5 53. f4 Bd4 54. Rd2 Be3 55. Re2 Bd4 56. g4 hxg4 57. hxg4 Kg7 58. g5 Bc3 59. Ke8 Bd4 60. Re4 Bc3 61. Rc4 Bd2 62. Rc7 e5 63. Rxf7+ Kg8 64. fxe5 Bxg5 65. e6 Bh4 66. e7 g5 67. Rf1 g4 68. Kd7 1-0

[Event "*** Titled Tuesday Blitz"]
[Site "Chess.com"]
[Date "2020.04.14"]
[Round "7"]
[White "anushanlv"]
[Black "viditchess"]
[Result "0-1"]
[WhiteElo "2186"]
[BlackElo "2928"]
[TimeControl "180+1"]
[EndTime "11:14:36 PDT"]
[Termination "viditchess won by checkmate"]

1. Nf3 g6 2. d4 Bg7 3. e4 d6 4.
Nc3 Nf6 5. Be2 O-O 6. O-O Nc6 7.
d5 Nb8 8. Re1 c6 9. Bf1 Bg4 10.
h3 Bxf3 11. Qxf3 Nbd7 12. Bf4 Rc8 13. a4 Qa5 14. Bd2 Qc7 15. a5 a6 16. Bf4 Nh5 17.
Bg5 Rfe8 18. Ra3 e6 19. dxe6 fxe6 20. Qd1 d5 21. Bc1 Nc5 22. Be2 Nf4 23. Bf3 Rf8 24.
exd5 exd5 25. Ne2 Nfe6 26. Bg4 Rce8 27. Re3 h5 28. Bxe6+ Nxe6 29. b4 Qf7 30. Rf3 Qd7 31.
Re3 d4 32. Rg3 Rf6 33. Nxd4 Nxd4 34. Rxe8+ Qxe8 35. Qxd4 Qe1+ 36. Kh2 Qxc1 37. Qd8+ Kh7 38. Qe7 Qf4 39. Qxb7 h4 40. Qxa6 hxg3+ 41. fxg3 Qd4 42. Qb7 Rf1 43. h4 Qg1+ 44. Kh3 Qh1+ 45. Kg4 Qxg2 46. a6 Qe2+ 47. Kh3 Rh1# 0-1

[Event "*** Titled Tuesday Blitz"]
[Site "Chess.com"]
[Date "2020.04.14"]
[Round "7"]
[White "GMJustin"]
[Black "Chessalary"]
[Result "0-1"]
[WhiteElo "2398"]
[BlackElo "2317"]
[TimeControl "180+1"]
[EndTime "11:14:36 PDT"]
[Termination "Chessalary won on time"]

1. d4 d5 2. c4 dxc4 3. e4 Nf6 4. e5 Nd5 5. Bxc4 e6 6. Nc3 c6 7. Nge2 Bb4 8. O-O Bxc3 9. bxc3 O-O 10. Ba3 Re8 11. Qd2 b5 12. Bd3 Nd7 13. Bd6 Nf8 14. f4 f5 15. a4 Bd7 16. axb5 cxb5 17. Rfb1 a6 18. c4 bxc4 19. Bxc4 Bc6 20. Rxa6 Rxa6 21.
Bxa6 Ng6 22. Bb7 Bxb7 23. Rxb7 Qh4 24. g3 Qg4 25. Kf2 Rc8 26. Qb2 h6 27. Rb8 Rxb8 28. Qxb8+ Kh7 29. Qb3 Qh3 30. Kg1 Qg4 31. Kf2 Qh3 32.
Kg1 Ngxf4 33. Nxf4 Nxf4 34. Qf3 Ng6 35. d5 exd5 36. Qxd5 f4 37. e6 fxg3 38. Bxg3 Qg4 0-1

[Event "*** Titled Tuesday Blitz"]
[Site "Chess.com"]
[Date "2020.04.14"]
[Round "7"]
[White "TheoSlade"]
[Black "WastefulJustice"]
[Result "0-1"]
[WhiteElo "2277"]
[BlackElo "2446"]
[TimeControl "180+1"]
[EndTime "11:14:36 PDT"]
[Termination "WastefulJustice won by checkmate"]

1. d4 Nf6 2. c4 e6 3. g3 d5 4.
Bg2 Be7 5. Nf3 O-O 6. O-O dxc4 7. Qc2 a6 8. a4 Bd7 9. Qxc4 Bc6 10. Bf4 a5 11.
Nc3 Na6 12. Rac1 Nd5 13. Bd2 Nb6 14. Qb3 Qe8 15. Ne5 Bxg2 16. Kxg2 Bd6 17. Rfd1 Bxe5 18.
dxe5 Nc5 19. Qc2 Qc6+ 20. Kg1 Ncxa4 21. Nxa4 Qxc2 22. Rxc2 Nxa4 23. b3 Nb6 24. Rxc7 Rfd8 25. Rxb7 Nd5 26. Bxa5 Rxa5 27. e4 g6 28. exd5 exd5 29.
Rd4 Ra2 30. Rb5 Rb2 31. Kg2 h5 32. Kf3 Rc8 33. Rbxd5 Rcc2 34. Rd8+ Kg7 35. h4 Rxf2+ 36.
Ke4 Rxb3 37. R4d7 Rxg3 38. e6 Re2+ 39. Kf4 Rg4+ 40. Kf3 Rxe6 41. Ra8 Rxh4 42. Raa7 Rf6+ 43.
Kg3 Rg4+ 44. Kh3 Rf3+ 45. Kh2 h4 46. Re7 h3 47. Reb7 Rg2+ 48. Kh1 Rf1# 0-1

[Event "*** Titled Tuesday Blitz"]
[Site "Chess.com"]
[Date "2020.04.14"]
[Round "7"]
[White "kleinebeer98"]
[Black "Beca95"]
[Result "0-1"]
[WhiteElo "2711"]
[BlackElo "2894"]
[TimeControl "180+1"]
[EndTime "11:14:37 PDT"]
[Termination "Beca95 won by resignation"]

1. e4 c5 2. Nf3 a6 3. Nc3 b5 4. d4 cxd4 5. Nxd4 Bb7 6. Bd3 e6 7.
Qe2 Ne7 8. Be3 Nec6 9. O-O-O Nxd4 10. Bxd4 Nc6 11. Be3 Qa5 12. Kb1 b4 13. Nd5 exd5 14. exd5 Ne5 15. Bd4 d6 16. f4 Bxd5 17. fxe5 Qxa2+ 18. Kc1 Be6 19. Rhf1 Be7 20. exd6 Bg5+ 21. Be3 Bxe3+ 22.
Qxe3 Qa1+ 23. Kd2 Qxb2 24. Rxf7 Kxf7 25. Rf1+ Qf6 26. Rxf6+ gxf6 27. Be2 h5 28. Qc5 Rad8 29. Bxh5+ Kg7 30. Bf3 a5 31. Ke3 Rd7 32. Bc6 Rc8 33. g4 a4 34. g5 b3 35. gxf6+ Kh6 36. Kf4 Rxc6 37. Qg5+ Kh7 38. Qh5+ Kg8 39. Qe8+ Kh7 40.
Qxe6 Rcxd6 41. Qf5+ Kg8 42. Qg6+ Kf8 43. Qh6+ Kf7 44.
cxb3 Rxf6+ 0-1

[Event "*** Titled Tuesday Blitz"]
[Site "Chess.com"]
[Date "2020.04.14"]
[Round "7"]
[White "Ellaijio_B"]
[Black "thedjoker98"]
[Result "0-1"]
[WhiteElo "2688"]
[BlackElo "2474"]
[TimeControl "180+1"]
[EndTime "11:14:37 PDT"]
[Termination "thedjoker98 won on time"]

1. e4 e5 2. Nc3 Nf6 3. f4 d5 4. Qe2 Bg4 5. Nf3 exf4 6. exd5+ Be7 7. d4 O-O 8. Bxf4 Re8 9. O-O-O Nxd5 10. Nxd5 Qxd5 11.
Qc4 Bxf3 12. gxf3 Qxf3 13. Bg2 Qxf4+ 14. Kb1 Nc6 15. Rhf1 Qg4 16. Qxf7+ Kh8 17. Rg1 Qg6 18. Qc4 Qd6 19. h4 Bf6 20. c3 Qh2 21. h5 Rad8 22.
Bxc6 bxc6 23. Rh1 Qe2 24. Qxc6 Qe4+ 25. Qxe4 Rxe4 26. Rd2 Rde8 27. Kc2 Re2 28. b4 Bg5 29.
Rxe2 Rxe2+ 30. Kb3 Kg8 31. a4 Kf7 32. b5 Rf2 33. Re1 Rf3 34. Re2 Bf6 35. Kc4 Rf5 36.
Rh2 g6 37. hxg6+ hxg6 38. a5 g5 39. Rh7+ Bg7 40. Rh2 g4 41. Rg2 Rg5 42. d5 Be5 43. Kc5 g3 44. c4 Rg6 45. Kb4 Bd6+ 46. c5 Rg4+ 47. Kb3 Bxc5 48. Rc2 g2 49. Rxc5 g1=Q 50.
Rxc7+ Kf6 0-1

[Event "*** Titled Tuesday Blitz"]
[Site "Chess.com"]
[Date "2020.04.14"]
[Round "7"]
[White "Vamostodorecto"]
[Black "GMaka"]
[Result "0-1"]
[WhiteElo "2487"]
[BlackElo "2296"]
[TimeControl "180+1"]
[EndTime "11:14:37 PDT"]
[Termination "GMaka won on time"]

1. d4 Nf6 2. c4 Nc6 3. Nf3 e6 4. g3 Bb4+ 5. Nc3 Bxc3+ 6. bxc3 d6 7. Bg2 e5 8. O-O O-O 9. d5 Nb8 10. Nd2 Re8 11. e4 Na6 12. f4 exf4 13. gxf4 Nc5 14.
Qc2 Nfxe4 15. Nxe4 Bf5 16. Re1 Qe7 17. Ba3 Bxe4 18.
Qd2 f5 19. Bxc5 dxc5 20. Rad1 Qd6 21. Qf2 Qg6 22. Kh1 Bxg2+ 23. Qxg2 Qxg2+ 24. Kxg2 Kf7 25. Re5 g6 26. Rde1 a6 27. Kf3 b5 28. cxb5 axb5 29. R1e2 Rad8 30. h4 Rxe5 31. Rxe5 Ra8 32. Re2 Ra3 33.
Re3 Rxa2 34. h5 Rd2 35. hxg6+ hxg6 36. Re6 Rd3+ 37. Ke2 Rxd5 38. Rc6 b4 39. cxb4 cxb4 40. Rxc7+ Kf6 41. Rc6+ Kg7 42. Rb6 Rd4 43. Ke3 Re4+ 44.
Kf3 Kh6 45. Rc6 Rd4 46. Kg3 Rd3+ 0-1

[Event "*** Titled Tuesday Blitz"]
[Site "Chess.com"]
[Date "2020.04.14"]
[Round "7"]
[White "ahachess"]
[Black "manitodeplomo"]
[Result "1-0"]
[WhiteElo "2341"]
[BlackElo "2477"]
[TimeControl "180+1"]
[EndTime "11:14:37 PDT"]
[Termination "ahachess won by resignation"]

1. d4 c5 2. d5 g6 3. e4 Bg7 4. Nf3 d6 5. Be2 Nf6 6. Nc3 O-O 7. O-O Na6 8. Nd2 Nc7 9. a4 Rb8 10. Nc4 b6 11. Bg5 h6 12. Be3 a6 13. f3 b5 14.
Na5 Bd7 15. axb5 axb5 16. Qd2 Kh7 17. Rfb1 b4 18. Nd1 Nb5 19. c3 bxc3 20. bxc3 Qc7 21. Nc4 Ra8 22. Rxa8 Rxa8 23. Ne5 Nxc3 24. Qxc3 Ne8 25. f4 dxe5 26. Qxc5 Qxc5 27. Bxc5 exf4 28. Bxe7 Bd4+ 29. Kf1 Nf6 30. Bxf6 Bxf6 31. Rb7 Be8 32. d6 Rd8 33. Bc4 Kg7 34. Rb6 Be5 35. Nf2 Rxd6 36. Rxd6 Bxd6 37. h3 Bd7 38. Nd3 g5 39. e5 Bc7 40.
Ke2 Bc6 41. Kf1 Be4 42. Nc5 Bf5 43. e6 Bb6 44. e7 1-0

[Event "*** Titled Tuesday Blitz"]
[Site "Chess.com"]
[Date "2020.04.14"]
[Round "7"]
[White "FMOlexandrProhorov"]
[Black "MusicCityMaster"]
[Result "0-1"]
[WhiteElo "2126"]
[BlackElo "2310"]
[TimeControl "180+1"]
[EndTime "11:14:38 PDT"]
[Termination "MusicCityMaster won by checkmate"]

1. e4 c5 2. c3 Nf6 3. e5 Nd5 4.
Nf3 e6 5. Bc4 b6 6. d4 Bb7 7.
O-O Be7 8. Qe2 O-O 9. Rd1 cxd4 10. cxd4 d6 11. Nc3 Nxc3 12. bxc3 dxe5 13. Nxe5 Bd5 14.
Bd3 Nd7 15. c4 Bb7 16. Bf4 Nf6 17. Rac1 Rc8 18. h3 Bd6 19. Bb1 Re8 20. Bg5 Be7 21.
Qd3 Be4 22. Qg3 Bxb1 23. Rxb1 Ne4 24. Qf4 Nxg5 25. h4 f6 26. hxg5 fxe5 27. Qxe5 Bxg5 28. Rb3 Qf6 29. Qg3 Bf4 30. Qg4 Qg5 31. Qe2 Bb8 32.
Rh3 Qf5 33. Rf3 Qg6 34. Re1 Rcd8 35. Qe3 h6 36. a4 Rf8 37. Rh3 Rf6 38. a5 Rdf8 39.
f3 Bf4 40. Qe2 Qg5 41. axb6 axb6 42. Rb1 Be3+ 43. Kh1 Bxd4 44. Rd1 Bc5 45. Rd7 R8f7 46. Rd8+ Kh7 47. Rd3 Qg6 48. Qe5 Rf5 49. Qe2 Rg5 50. Rd8 Qb1+ 51. Kh2 Qg1# 0-1

[Event "*** Titled Tuesday Blitz"]
[Site "Chess.com"]
[Date "2020.04.14"]
[Round "7"]
[White "Tjktiger"]
[Black "Volodar_Murzin"]
[Result "1/2-1/2"]
[WhiteElo "2826"]
[BlackElo "2688"]
[TimeControl "180+1"]
[EndTime "11:14:39 PDT"]
[Termination "Game drawn by repetition"]

1. c4 Nf6 2. Nc3 g6 3. g3 Bg7 4. Bg2 O-O 5. d4 d6 6. Nf3 Nbd7 7. O-O e5 8. e4 c6 9. h3 Qb6 10. Re1 exd4 11. Nxd4 Ne5 12. Na4 Qa6 13. b3 b5 14.
cxb5 cxb5 15. Bf1 Bxh3 16. Bxh3 bxa4 17. bxa4 Rab8 18. Nb5 Rfd8 19. Bg2 Qb7 20. Bf4 a6 21. Nd4 Rdc8 22. Nb3 Qe7 23. Qe2 Nh5 24. Be3 Nc4 25. Bd4 Bxd4 26. Nxd4 Rb2 27. Qg4 Rc5 28. Nf3 Nf6 29.
Qh4 Rh5 30. Qf4 Ne5 31. Red1 Nfd7 32. Nd4 Qd8 33. Rac1 Qb6 34. Rc8+ Kg7 35. Re8 Rb1 36. Ne6+ fxe6 37. Re7+ Kg8 38. Re8+ Kg7 39. Re7+ Kg8 40. Re8+ Kg7 1/2-1/2

[Event "*** Titled Tuesday Blitz"]
[Site "Chess.com"]
[Date "2020.04.14"]
[Round "7"]
[White "Talcrifice"]
[Black "mortngabriel"]
[Result "0-1"]
[WhiteElo "2537"]
[BlackElo "2396"]
[TimeControl "180+1"]
[EndTime "11:14:39 PDT"]
[Termination "mortngabriel won by resignation"]

1. d4 Nf6 2. c4 e6 3. g3 d5 4. Nf3 dxc4 5. Bg2 Nc6 6. O-O Rb8 7. e3 b5 8. a4 a6 9. Nfd2 Bb7 10.
axb5 axb5 11. Nc3 Nb4 12. Bxb7 Rxb7 13. b3 cxb3 14. Qxb3 Be7 15. Ba3 Nbd5 16. Bxe7 Nxe7 17. Nxb5 O-O 18. Qc4 Qd5 19. Nc3 Qxc4 20. Nxc4 Ned5 21.
Nxd5 Nxd5 22. Rfc1 f6 23. e4 Nb4 24. Rab1 Rfb8 25.
Na5 Rb5 26. Nc4 Na2 27. Rxb5 Rxb5 28. Rc2 Rb1+ 29. Kg2 Rc1 30. Rxc1 Nxc1 31. Kf3 Kf7 32. Ke3 Nb3 33. Kd3 c5 34. d5 exd5 35. exd5 Ke7 36. Ke4 g6 37. g4 Kd7 38. f4 Nd4 39. h3 Ne2 40. g5 Nc3+ 41. Kd3 Nxd5 42. Ke4 Ke6 43. gxf6 Nxf6+ 44. Kf3 Kd5 45. Ne3+ Kd4 46.
f5 c4 47. fxg6 hxg6 48. Nxc4 Kxc4 49. Kf4 Nh7 50. h4 Kd5 51. Kg4 Ke5 52. h5 g5 53. h6 Kf6 54. Kh5 Kf7 55. Kg4 Kg6 0-1